 Dungeon Crawl Stone Soup version 0.30-a0-242-g7bf8e6d787 (webtiles) character file.

Game seed: 5008860573708894030

3513 themarg the Fighter (level 9, -10/96 HPs)
             Began as a Minotaur Monk on Oct 12, 2022.
             Was a Priest of Nemelex Xobeh.
             Mangled by a six-headed hydra (11 damage)
             ... on level 7 of the Dungeon.
             The game lasted 00:31:09 (7004 turns).

themarg the Fighter (Minotaur Monk)                 Turns: 7004, Time: 00:31:10

Health: -10/96     AC:  7    Str: 24    XL:     9   Next: 81%
Magic:  11/11      EV: 19    Int:  7    God:    Nemelex Xobeh [***...]
Gold:   393        SH:  0    Dex: 12    Spells: 8/8 levels left

rFire   + . .      SeeInvis .    c - +6 hand axe "Fetoopne" {speed, rF+ rC+ Str+3 Stlth+}
rCold   + . .      Faith    .    (no shield)
rNeg    . . .      Spirit   .    w - +0 scale mail
rPois   .          Reflect  .    (helmet restricted)
rElec   .          Harm     .    x - +0 cloak
rCorr   .          Rampage  .    (no gloves)
Will    .....                    (no boots)
Stlth   ++........               o - amulet of magic regeneration
HPRegen 0.36/turn                b - +4 ring of evasion
MPRegen 0.52/turn                m - +4 ring of evasion

@: no status effects
A: horns 2, retaliatory headbutt
a: Renounce Religion, Draw Escape, Draw Destruction, Draw Summoning, Triple Draw


You were on level 7 of the Dungeon.
You worshipped Nemelex Xobeh.
Nemelex Xobeh was most pleased with you.
You visited 2 branches of the dungeon, and saw 8 of its levels.

You collected 393 gold pieces.

Inventory:

Hand Weapons
 c - the +6 hand axe "Fetoopne" (weapon) {speed, rF+ rC+ Str+3 Stlth+}
   (You found it on level 3 of the Dungeon)

   Attacks with this weapon are significantly faster.
   Str:       It affects your strength (+3).
   rF:        It protects you from fire.
   rC:        It protects you from cold.
   Stlth:     It makes you more stealthy.
Missiles
 d - 37 stones (quivered)
 e - 6 poisoned darts
 g - 6 curare-tipped darts
 l - 2 boomerangs
 n - a throwing net
 t - 3 silver boomerangs
Armour
 w - a +0 scale mail (worn)
 x - a +0 cloak (worn)
Jewellery
 b - a +4 ring of evasion (left hand)
 m - a +4 ring of evasion (right hand)
 o - an amulet of magic regeneration (around neck)
 s - a +4 ring of evasion
Wands
 f - a wand of paralysis (15)
Scrolls
 p - a scroll of summoning {unknown}
 q - a scroll of butterflies
 r - 3 scrolls of poison {unknown}
Potions
 a - a potion of lignification {unknown}
 h - a potion of resistance
 i - 2 potions of degeneration {unknown}
 j - 3 potions of curing {unknown}
 k - 3 potions of attraction
 u - a potion of cancellation {unknown}
 v - a potion of invisibility {unknown}
 z - a potion of flight {unknown}


   Skills:
 + Level 14.8 Fighting
 - Level 5.0 Axes
 - Level 5.0 Dodging
 - Level 3.0 Stealth
 + Level 4.0 Invocations


You had 8 spell levels left.
You didn't know any spells.
Your spell library contained the following spells:

 Spells                   Type           Power      Damage    Failure   Level
 Freeze                   Ice            0%         1d3       77%         1
 Magic Dart               Conj           0%         1d3       77%         1
 Call Imp                 Summ           0%         N/A       88%         2
 Frozen Ramparts          Ice            0%         1d1       98%         3
 Hailstorm                Conj/Ice       0%         3d3       98%         3
 Mephitic Cloud           Conj/Pois/Air  0%         N/A       98%         3


Dungeon Overview and Level Annotations

Branches:
Dungeon (7/15)             Temple (1/1) D:6

Altars:
Ashenzari
Cheibriados
Dithmenos
Fedhas
Gozag
Kikubaaqudgha
Makhleb
Nemelex Xobeh
Qazlal
Ru
Sif Muna
Trog
Uskayaw
Vehumet
Wu Jian
Yredelemnul
Zin
The Shining One

Shops:
D:5 *

Annotations:
D:3 exclusion: oklob plant, Ijyb
D:4 exclusion: downstairs
D:5 exclusions: scorpion and 1 more exclusion, Sigmund
D:6 exclusion: killer bee


Innate Abilities, Weirdness & Mutations

You have a pair of horns on your head.
You reflexively headbutt those who attack you in melee.


Message History

You hit the troll.
The troll is lightly wounded.
You draw a card...
You have drawn the Orb.
Press: ? - help, Shift-Dir - straight line, f - six-headed hydra
Aim: a six-headed hydra Your orb of destruction hits a rock wall.
The wavering orb of destruction weakly hits the six-headed hydra!
The six-headed hydra is moderately wounded.
The troll barely misses you. You furiously retaliate!
You headbutt the troll. The troll misses you. The troll completely misses you.
Your orb of destruction hits a rock wall.
The six-headed hydra bites you!
The six-headed hydra completely misses you.
The six-headed hydra bites you! x2
The six-headed hydra bites you but does no damage.
The six-headed hydra barely misses you.
Okay, then.
You draw a card...
You have drawn the Elements.
The troll completely misses you. The troll closely misses you. x2
Something bites the plant!
The plant begins to die.
Something claws the plant! x2
The six-headed hydra closely misses you.
You furiously retaliate!
You headbutt the six-headed hydra, but do no damage.
The six-headed hydra bites you. The six-headed hydra barely misses you.
The six-headed hydra bites you. x2; The six-headed hydra bites you!
You draw a card...
You have drawn the Elements.
A nearby plant withers and dies.
Your orb of destruction hits a rock wall.
The troll bites you!
* * * LOW HITPOINT WARNING * * *
The troll claws you.
* * * LOW HITPOINT WARNING * * *
The troll closely misses you.
Your fire vortex barely misses the six-headed hydra.
The six-headed hydra barely misses you. The six-headed hydra bites you!
* * * LOW HITPOINT WARNING * * *
The six-headed hydra bites you!
You die...
Your body disappears without a glow.

...........)).......###
##..#####)..)..........
#.##...)).##..........
#.##....####..........
#.##....# #..........
##.#.....# #..........#
.[>......# ###v#+#....#
#####....# #Y#v#...#
###### #h@Dl# ##
#.YT..# ##P°..P.♣
#.○...PP. ..$○○#...
....## #P ###.. .##


You could see a six-headed hydra (ally target), a troll (ally target), a
friendly raiju (summoned), a friendly basilisk (summoned), 2 friendly fire
vortices and 2 friendly ice beasts.

Vanquished Creatures
  Pikel (D:4)
  A troll (D:7)
  Grinder (D:5)
  Menkaure (D:7)
  A water moccasin (D:5)
  A black bear (D:5)
  3 ogres
  A phantom (D:6)
  A lemure (D:4)
  2 bullfrogs (D:6)
  A necrophage (D:6)
  4 scorpions
  4 wights (D:7)
  A killer bee (D:6)
  A vampire bat (D:4)
  4 howler monkeys
  3 hounds
  7 orc priests
  A jelly (D:6)
  Crazy Yiuf (D:6)
  Terence (D:3)
  4 iguanas
  Natasha (D:2)
  9 orc wizards
  7 gnolls
  10 adders
  2 shadow imps
  A white imp (D:7)
  An ufetubus (D:5)
  3 worms
  2 dart slugs
  3 fire bats (D:4)
  45 orcs
  2 spectral bats (D:4)
  4 ball pythons
  3 bat skeletons (D:4)
  A bat zombie (D:4)
  4 endoplasms
  A giant cockroach (D:1)
  4 goblins
  5 hobgoblins
  2 jackals (D:3)
  4 quokkas
  10 bats
  A bat simulacrum (D:4)
  3 frilled lizards
  5 kobolds
  3 rats
  A spectral orc (D:7)
182 creatures vanquished.

Vanquished Creatures (others)
  38 fungi
  23 plants
61 creatures vanquished.

Grand Total: 243 creatures vanquished

Notes
Turn   | Place    | Note
-------+----------+-------------------------------------------
     0 | D:1      | themarg the Minotaur Monk began the quest for the Orb.
     0 | D:1      | Reached XP level 1. HP: 19/19 MP: 0/0
   191 | D:1      | Reached skill level 4 in Fighting
   395 | D:1      | Reached XP level 2. HP: 17/28 MP: 1/1
  1033 | D:2      | Reached skill level 5 in Fighting
  1033 | D:2      | Reached XP level 3. HP: 35/36 MP: 2/2
  1042 | D:2      | Noticed Natasha
  1049 | D:2      | Killed Natasha
  1097 | D:2      | Reached XP level 4. HP: 41/44 MP: 3/3
  1150 | D:2      | Reached skill level 6 in Fighting
  1420 | D:2      | Identified the +1 robe "Isepydghi" {Int+2}
  1785 | D:3      | Identified the +6 hand axe "Fetoopne" {speed, rF+ rC+ Str+3
                  | Stlth+}
  2000 | D:3      | Found an opulent altar of Gozag.
  2012 | D:3      | Noticed Terence
  2023 | D:3      | Killed Terence
  2164 | D:3      | Noticed Ijyb
  2437 | D:3      | Reached skill level 7 in Fighting
  2437 | D:3      | Reached XP level 5. HP: 52/52 MP: 4/4
  2781 | D:3      | Reached skill level 8 in Fighting
  2790 | D:3      | Reached XP level 6. HP: 43/61 MP: 5/5
  2889 | D:3      | Found a blossoming altar of Fedhas.
  2905 | D:3      | Noticed an oklob plant
  3242 | D:4      | Reached skill level 9 in Fighting
  3354 | D:4      | Found a snail-covered altar of Cheibriados.
  3531 | D:4      | Reached XP level 7. HP: 71/71 MP: 6/6
  3554 | D:4      | Reached skill level 10 in Fighting
  3828 | D:4      | Noticed Pikel
  4024 | D:4      | Killed Pikel
  4025 | D:4      | Reached skill level 5 in Axes
  4025 | D:4      | Reached XP level 8. HP: 37/81 MP: 7/7
  4166 | D:4      | Found a shadowy altar of Dithmenos.
  4174 | D:3      | Reached skill level 11 in Fighting
  4234 | D:4      | Reached skill level 5 in Dodging
  4465 | D:5      | Entered Level 5 of the Dungeon
  4465 | D:5      | Noticed Sigmund
  4523 | D:5      | You fall into a shaft and drop 1 floor!
  4596 | D:5      | Found Jixkatt's Assorted Antiques.
  4708 | D:5      | Reached skill level 12 in Fighting
  4713 | D:5      | Found an ornate altar of the Wu Jian Council.
  4925 | D:5      | Reached skill level 13 in Fighting
  4925 | D:5      | Reached XP level 9. HP: 86/93 MP: 8/8
  4925 | D:5      | Noticed Grinder
  4937 | D:5      | Killed Grinder
  5299 | D:6      | Found a staircase to the Ecumenical Temple.
  5307 | Temple   | Entered the Ecumenical Temple
  5326 | Temple   | Became a worshipper of Nemelex Xobeh the Trickster
  5326 | Temple   | Reached * piety under Nemelex Xobeh
  5326 | Temple   | Received a gift from Nemelex Xobeh
  5326 | Temple   | Reached ** piety under Nemelex Xobeh
  5713 | D:6      | Reached skill level 14 in Fighting
  5906 | D:6      | Reached skill level 1 in Invocations
  6163 | D:6      | Found a runed translucent door.
  6164 | D:6      | Noticed Crazy Yiuf
  6291 | D:6      | Killed Crazy Yiuf
  6433 | D:7      | Received a gift from Nemelex Xobeh
  6497 | D:7      | Noticed Menkaure
  6509 | D:7      | Killed Menkaure
  6776 | D:7      | Found a broken altar of Ashenzari.
  6876 | D:7      | Reached *** piety under Nemelex Xobeh
  6916 | D:7      | Found a basalt altar of Yredelemnul.
  6995 | D:7      | Noticed a troll
  6996 | D:7      | Noticed a troll
  6996 | D:7      | Noticed a six-headed hydra
  6999 | D:7      | Killed a troll
  7004 | D:7      | HP: 1/96 [six-headed hydra (15)]
  7004 | D:7      | Mangled by a six-headed hydra

Illustrated notes

Levels and vault maps discovered:
D:1:      dpeg_arrival_arbitrary_a, layout_basic, bh_walls_and_bars
D:2:      layout_loops_ring, uniq_natasha
D:3:      layout_loops_ring, mainiacjoe_overflow_paths, tgw_fedhas,
          uniq_terence, uniq_ijyb
D:4:      layout_loops_ring, mainiacjoe_overflow_cross_hatched, slow_altar_2,
          goddamned_bats, uniq_pikel
D:5:      layout_basic, pdpol_wu_jian_five_deadly_venoms, serial_shops,
          nicolae_take_the_stairs, minmay_misc_feat_diagonals,
          kennysheep_flooded_box, uniq_grinder, uniq_sigmund
D:6:      layout_cave_pods, kennysheep_okawaru_gauntlet,
          minmay_temple_entry_gardened_gates,
          eino_small_chamber_without_monster, uniq_duvessa,
          uniq_crazy_yiuf_cottage
D:7:      layout_basic, cheibrodos_ashenzari_chains,
          yredelemnul_forgotten_temple_becter, minmay_door_square,
          hellmonk_guarded_unrand_vines, uniq_menkaure
Temple:   chequers_temple_sunken

Skill      XL: |  1  2  3  4  5  6  7  8  9 |
---------------+----------------------------+-----
Fighting       | 4 5 7 8 9 10 13 14 | 14.8
Axes           | 5 |  5.0
Stealth        | 3 |  3.0
Dodging        | 4 5 |  5.0
Invocations    | 4 |  4.0

Action                   |  1- 3 |  4- 6 |  7- 9 || total
-------------------------+-------+-------+-------++-------
Melee: Hand axe          |    43 |   130 |   270 ||   443
       Headbutt          |     5 |    23 |    42 ||    70
       Punch             |       |     2 |     2 ||     4
Invok: Draw Destruction  |       |       |     2 ||     2
       Draw Summoning    |       |       |     2 ||     2
  Use: Potion            |       |     3 |       ||     3
       Scroll            |       |     3 |     3 ||     6
 Stab: Sleeping          |     3 |     5 |     5 ||    13
Armor: Robe              |     4 |     6 |       ||    10
       Leather armour    |       |     5 |    26 ||    31
       Scale mail        |       |       |     4 ||     4
Dodge: Dodged            |    24 |    81 |   178 ||   283

Table legend: (Time is in decaauts)
 A = Elapsed time spent in this place.
 B = Non-inter-level travel time spent in this place.
 C = Inter-level travel time spent in this place.
 D = Time resting spent in this place.
 E = Time spent auto-exploring this place.
 F = Levels seen in this place.
 G = Mean time per level.
                   A        B        C        D        E       F      G
               +--------+--------+--------+--------+--------+-----+--------+
         Total |   6971 |   6567 |    404 |    526 |   4880 |   8 |  871.4 |
       Dungeon |   6748 |   6357 |    391 |    526 |   4687 |   7 |  964.0 |
        Temple |    222 |    209 |     13 |      0 |    193 |   1 |  222.0 |
               +--------+--------+--------+--------+--------+-----+--------+

Top non-repeatable levels by time:
     D:4: 1213 daAuts
     D:3: 1160 daAuts
     D:2: 1103 daAuts
     D:6: 993 daAuts
     D:1: 973 daAuts
     D:7: 660 daAuts
     D:5: 643 daAuts
  Temple: 222 daAuts
